 Dungeon Crawl Stone Soup version 0.20.0-10-g0535bb4 (webtiles) character file.

101 straycat the Sneak (level 4, -5/35 HPs)
             Began as a Vampire Wanderer on June 3, 2017.
             Slain by a worm (8 damage)
             ... on level 3 of the Dungeon.
             The game lasted 00:12:14 (2413 turns).

straycat the Sneak (Vampire Wanderer)               Turns: 2413, Time: 00:12:15

Health: -5/35      AC:  2    Str: 11    XL:     4   Next: 48%
Magic:  3/6        EV: 12    Int: 13    God:
Gold:   95         SH:  0    Dex: 15    Spells: 2/6 levels left

rFire    . . .     SeeInvis +   j - +0 spear
rCold    . . .     Gourm    .   (no shield)
rNeg     + . .     Faith    .   u - +0 robe (curse)
rPois    .         Spirit   .   (no helmet)
rElec    .         Reflect  .   (no cloak)
rCorr    .         Harm     .   (no gloves)
MR       .....                  (no boots)
Stlth    ++........             (no amulet)
Regen    0.2/turn               (no ring)
MPRegen  0.1/turn               (no ring)

@: very slightly contaminated
A: fangs 3, see invisible, unbreathing
a: Bat Form


You were on level 3 of the Dungeon.
You were not thirsty.

You visited 1 branch of the dungeon, and saw 3 of its levels.

You collected 95 gold pieces.

Inventory:

Hand Weapons
 b - a +2 blowgun
 j - a +0 spear (weapon)
 k - a +0 hand axe
 A - a +0 short sword
Missiles
 g - 8 tomahawks (quivered)
 h - a curare-tipped needle
 i - 30 poisoned needles
 p - 5 javelins
 r - 28 arrows
 v - 30 stones
 z - 19 bolts
Armour
 e - a +0 robe
 n - a +0 ring mail
 u - a cursed +0 robe (worn)
Potions
 a - a potion of invisibility {unknown}
 f - 20 potions of blood
 l - 4 potions of might
 m - 2 potions of lignification
 o - a potion of agility {unknown}
 q - a potion of heal wounds {unknown}
 t - 2 potions of curing {unknown}
 w - a potion of flight
 x - a potion of haste
Books
 c - Xijouhill's Compendium of Contamination

   Spells                             Type                      Level
   a - Sting                          Conjuration/Poison           1
   b - Ignite Poison                  Fire/Transmutation/Poison    3
 d - Feceerghy's Compendium of Conjuration

   Spells                             Type                      Level
   a - Throw Flame                    Conjuration/Fire             2
   b - Throw Frost                    Conjuration/Ice              2


   Skills:
 * Level 3.3 Fighting
 - Level 1.1 Short Blades
 - Level 1.0 Throwing
 * Level 1.8 Dodging
 * Level 3.5 Stealth
 + Level 1.5 Spellcasting
   Level 1.0 Air Magic
   Level 1.0 Earth Magic
 + Level 1.3 Poison Magic
   Level 1.0 Evocations


You had 2 spell levels left.
You knew the following spells:

 Your Spells              Type           Power        Failure   Level  Hunger
a - Sting                 Conj/Pois      #...         21%         1    ##.....
b - Ignite Poison         Fire/Tmut/Pois #.......     54%         3    ####...


Dungeon Overview and Level Annotations

Branches:
Dungeon (3/15)

Altars:
Ashenzari
Okawaru


Innate Abilities, Weirdness & Mutations

You have razor-sharp teeth.
You have supernaturally acute eyesight. (SInv)
You can survive without breathing.


Message History

Attack whom?
Press: ? - help, Dir - move target cursor, f - orc, p - worm
Aim: an orc, wielding a dagger and wearing a leather armour (almost dead)
You hit the orc but do no damage.
The orc is almost dead.
The orc hits you but does no damage. The worm bites you.
* * * LOW HITPOINT WARNING * * *
Attack whom?
Press: ? - help, Dir - move target cursor, f/p - orc
Aim: an orc, wielding a dagger and wearing a leather armour (almost dead)
You barely miss the orc.
The orc is almost dead.
The orc hits you but does no damage.
Attack whom?
Press: ? - help, Dir - move target cursor, f/p - orc
Aim: an orc, wielding a dagger and wearing a leather armour (almost dead)
You hit the orc.
You kill the orc!
The worm bites you!
You die...

#....#<..##
#?.#####..#
##. #?..s# #
# #.##?#
#...##.####
##.#...s.$##
#.......ss#
###.#.###w#
#.... #@#
#)... #)#
#.... ..#
#....$#.#
#....##.# ##
#.. #.# ...


You could see a worm and 2 giant cockroaches.

Vanquished Creatures
  A gnoll (D:2)
  3 adders
  2 oozes (D:2)
  2 dart slugs (D:1)
  3 orcs
  6 giant cockroaches
  4 goblins
  3 hobgoblins
  3 jackals (D:1)
  A quokka (D:2)
  A ball python (D:1)
  9 bats
  4 frilled lizards
  4 kobolds
  7 rats
53 creatures vanquished.

Notes
Turn   | Place    | Note
-------+----------+-------------------------------------------
     0 | D:1      | straycat the Vampire Wanderer began the quest for the Orb.
     0 | D:1      | straycat set off with: 2 curare-tipped needles, a +2 blowgun, Xijouhill's Compendium of Contamination, Feceerghy's Compendium of Conjuration, a +0 robe, a potion of blood
     0 | D:1      | Reached XP level 1. HP: 17/17 MP: 2/2
     0 | D:1      | Identified Xijouhill's Compendium of Contamination
     0 | D:1      | Identified Feceerghy's Compendium of Conjuration
     2 | D:1      | Learned a level 1 spell: Sting
   150 | D:1      | Reached skill level 1 in Stealth
   454 | D:1      | Reached XP level 2. HP: 20/23 MP: 0/3
  1194 | D:1      | Reached XP level 3. HP: 11/29 MP: 4/4
  1512 | D:2      | Found a shattered altar of Ashenzari.
  1784 | D:2      | Reached skill level 1 in Poison Magic
  1810 | D:2      | Found an iron altar of Okawaru.
  1869 | D:2      | Reached XP level 4. HP: 21/35 MP: 6/6
  2377 | D:3      | Learned a level 3 spell: Ignite Poison
  2413 | D:3      | Slain by a worm

Skill      XL: |  1  2  3 |
---------------+----------+-----
Stealth        | 1 2 3 |  3.5
Fighting       | 3 |  3.3
Poison Magic   | 1 |  1.3
Short Blades   | |  1.1
Throwing       | |  1.0
Dodging        | |  1.8
Spellcasting   | |  1.5
Air Magic      | |  1.0
Earth Magic    | |  1.0
Evocations     | |  1.0

Action                   |  1- 3 |  4- 6 || total
-------------------------+-------+-------++-------
Melee: Blowgun           |    18 |       ||    18
       Bite              |    18 |     9 ||    27
       Spear             |   113 |    77 ||   190
 Fire: Blowgun           |    15 |       ||    15
 Cast: Sting             |     5 |     6 ||    11
  Use: Potion            |     2 |       ||     2
       Scroll            |       |     5 ||     5
 Stab: Sleeping          |     4 |       ||     4
  Eat: Corpse            |     1 |     2 ||     3
Armor: Robe              |     6 |     6 ||    12
       Ring mail         |    56 |    50 ||   106
Dodge: Dodged            |   109 |    72 ||   181
